 Dungeon Crawl Stone Soup version 0.16.0-17-g811c1d7 (webtiles) character file.

218 Fluffy the Chiller (level 5, 0/35 HPs)
             Began as a Demonspawn Ice Elementalist on Mar 21, 2015.
             Slain by Grinder (2 damage)
             ... while paralysed by Grinder
             ... on level 3 of the Dungeon.
             The game lasted 00:09:37 (3686 turns).

Fluffy the Chiller (Demonspawn Ice Elementalist)    Turns: 3686, Time: 00:09:38

Health: 0/35       AC:  2    Str:  8    XL:     5   Next: 63%
Magic:  0/9        EV:  2    Int: 17    God:
Gold:   222        SH:  0    Dex: 14    Spells: 3 memorised, 0 levels left

rFire  . . .     SeeInvis .     n - +0 falchion
rCold  . . .     Clarity  .     a - +0 robe
rNeg   . . .     SustAb   +     (no shield)
rPois  .         Gourm    .     (no helmet)
rElec  .         Spirit   .     (no cloak)
rCorr  .         Warding  .     (no gloves)
rMut   .         Stasis   .     (no boots)
MR     .....                    p - amulet of regeneration
Stlth  ++........               (no ring)
                                k - ring of sustain abilities

@: paralysed, icy shield, very slightly contaminated, not resistant to hostile
enchantments, unstealthy
A: claws 1, talons 1
a: no special abilities


You were on level 3 of the Dungeon.
You were hungry.

You visited 1 branch of the dungeon, and saw 3 of its levels.

You collected 222 gold pieces.

Inventory:

Hand weapons
 n - a +0 falchion (weapon)
Armour
 a - a +0 robe (worn)
Jewellery
 k - a ring of sustain abilities (left claw)
 p - an amulet of regeneration (around neck)
Scrolls
 s - a scroll of amnesia
Potions
 d - 3 potions of lignification {unknown}
 e - 3 potions of curing {unknown}
 j - a potion of resistance {unknown}
 l - a potion of heal wounds {unknown}
 m - a potion of cure mutation {unknown}
 o - a potion of agility {unknown}
 q - a potion of flight {unknown}
 r - a potion of might {unknown}
Books
 b - a book of Frost

   Spells                             Type                      Level
   a - Freeze                         Ice                          1
   b - Throw Frost                    Conjuration/Ice              2
   c - Ozocubu's Armour               Charms/Ice                   3
   d - Throw Icicle                   Conjuration/Ice              4
   e - Summon Ice Beast               Ice/Summoning                4
   f - Condensation Shield            Ice                          4
Comestibles
 c - 4 bread rations
 f - 2 chunks of flesh
 g - 2 fruits
 h - a slice of pizza
 i - 2 meat rations


   Skills:
 + Level 3.8 Long Blades
 - Level 1.7 Dodging
 - Level 1.7 Stealth
 - Level 2.0 Spellcasting
   Level 1.0 Conjurations
 + Level 4.1 Ice Magic


You couldn't memorise any spells.
You knew the following spells:

 Your Spells              Type           Power        Failure   Level  Hunger
a - Freeze                Ice            ###.         3%          1    #......
b - Ozocubu's Armour      Chrm/Ice       #.......     24%         3    ###....
c - Condensation Shield   Ice            ###.......   38%         4    #####..


Dungeon Overview and Level Annotations

Branches:
Dungeon (3/15)

Altars:

Annotations:
D:3 Grinder, Sigmund


Innate Abilities, Weirdness & Mutations

You have sharp fingernails.
You have sharp toenails.


Message History

Aim: Sigmund, wielding a scythe and wearing a robe (heavily wounded)
You miscast Freeze.
You are very lightly contaminated with residual magic.
Frost spreads across the the floor.
Your icy armour starts to melt.
Sigmund barely misses you. Grinder barely misses you. Grinder gestures at you.
You suddenly lose the ability to move!
Sigmund hits you with a scythe. Sigmund casts a spell at you.
The puff of flame hits you!
Your icy armour melts away.
Grinder hits you.
You writhe in agony.
You writhe in agony.
Sigmund points at you and mumbles some strange words.
The magic dart hits you!
* * * LOW HITPOINT WARNING * * *
Grinder hits you.
* * * LOW HITPOINT WARNING * * *
You writhe in agony.
You die...

..........#..............
####.......#.#######....##
#..........#...........<.#
#.###.)...##########.....#
##### #.....# #..†..# ....
#.....# #####.# ..#
#.....######## .# <.#
#####5@....... .# ..#
#@######## ## ..#
#......(# ..# #########
..# .o# ..# ..# o.


You could see Grinder and Sigmund.

Vanquished Creatures
  An orc priest (D:3)
  Ijyb (D:3)
  7 adders
  4 gnolls (D:2)
  3 giant geckos
  3 orcs (D:3)
  10 bats
  6 giant cockroaches
  9 hobgoblins
  4 jackals (D:2)
  A quokka (D:3)
  A ball python (D:3)
  4 giant newts
  8 goblins
  3 kobolds
  5 rats
70 creatures vanquished.

Notes
Turn   | Place    | Note
--------------------------------------------------------------
     0 | D:1      | Fluffy, the Demonspawn Ice Elementalist, began the quest for the Orb.
     0 | D:1      | Reached XP level 1. HP: 13/13 MP: 3/3
   219 | D:1      | Reached skill level 3 in Ice Magic
   472 | D:1      | Gained mutation: You have sharp fingernails. [demonic ancestry]
   472 | D:1      | Reached XP level 2. HP: 19/19 MP: 4/4
  1194 | D:2      | Gained mutation: You have sharp toenails. [demonic ancestry]
  1194 | D:2      | Reached XP level 3. HP: 8/24 MP: 3/6
  1251 | D:2      | Reached skill level 4 in Ice Magic
  1931 | D:2      | HP: 1/24 [gnoll/halberd (6)]
  2258 | D:2      | Reached skill level 1 in Long Blades
  2260 | D:2      | Reached XP level 4. HP: 22/30 MP: 4/7
  3117 | D:3      | Noticed Sigmund
  3261 | D:3      | Reached XP level 5. HP: 21/35 MP: 2/9
  3469 | D:3      | Noticed Ijyb
  3477 | D:3      | Killed Ijyb
  3630 | D:3      | Learned a level 3 spell: Ozocubu's Armour
  3635 | D:3      | Learned a level 4 spell: Condensation Shield
  3677 | D:3      | Noticed Grinder
  3683 | D:3      | Paralysed by Grinder for 4 turns
  3686 | D:3      | Slain by Grinder

Action                   |  1- 3 |  4- 6 || total
-------------------------+-------+-------++-------
Melee: Unarmed           |     2 |       ||     2
       Dagger            |    14 |       ||    14
       Short sword       |    28 |       ||    28
       Falchion          |     4 |    94 ||    98
 Cast: Freeze            |    33 |    32 ||    65
       Ozocubu's Armour  |       |     1 ||     1
       Condensation Shie |       |     1 ||     1
  Use: Scroll            |       |     4 ||     4
 Stab: Sleeping          |       |     5 ||     5
  Eat: Chunk             |     4 |     6 ||    10
